[Event "Early-Titled-Tuesday-Blitz-March-26-2024"]
[Site "Chess.com"]
[Date "2024.03.26"]
[Round "1"]
[White "Better_Chess_Faster"]
[Black "Revan_2002"]
[Result "0-1"]
[WhiteElo "2176"]
[BlackElo "2591"]
[TimeControl "180+1"]
[EndTime "8:07:24 PDT"]
[Termination "Revan_2002 won by resignation"]

1. d4 Nf6 2. Bg5 d5 3. e3 c5 4. c3 Nc6 5. Nd2 Bf5 6. Bxf6 exf6 7. dxc5 Bxc5 8. Ngf3 O-O 9. Be2 Re8 10. O-O a6 11. Nd4 Bg6 12. Bf3 Qd6 13. N2b3 Ba7 14. Qd2 Rad8 15. Rfd1 Ne5 16. Be2 h5 17. Nf3 Ng4 18. Nbd4 Be4 19. Rac1 Bxf3 20. Bxf3 Qxh2+ 21. Kf1 Ne5 22. Ke2 Nc4 23. Qc2 Qe5 24. b3 Nd6 25. Kf1 g6 26. Rd2 Ne4 27. Bxe4 dxe4 28. Rcd1 Bb6 29. Ne2 Kg7 30. Rxd8 Rxd8 31. Rxd8 Bxd8 32. Qd2 Bc7 33. g3 Qe6 34. Qd4 Qh3+ 35. Ke1 Qh1+ 36. Kd2 Be5 37. Qd7 Qf3 38. Ke1 g5 39. Qxb7 h4 40. gxh4 gxh4 41. Qd7 h3 42. Qf5 Qxf5 0-1

[Event "Early-Titled-Tuesday-Blitz-March-26-2024"]
[Site "Chess.com"]
[Date "2024.03.26"]
[Round "1"]
[White "Savagelittlemole"]
[Black "Kirill_Klukin"]
[Result "0-1"]
[WhiteElo "2468"]
[BlackElo "2842"]
[TimeControl "180+1"]
[EndTime "8:07:26 PDT"]
[Termination "Kirill_Klukin won by resignation"]

1. e4 c5 2. Nf3 Nc6 3. d4 cxd4 4.
Nxd4 e5 5. Nxc6 bxc6 6. Bd3 Nf6 7. O-O Be7 8. c4 O-O 9. Nc3 d6 10. h3 Be6 11. Be3 Nd7 12. b4 Bg5 13. Qd2 Bxe3 14. Qxe3 a5 15. a3 Qc7 16. Rfc1 Rfb8 17. b5 Nc5 18. Rab1 a4 19. bxc6 Qxc6 20. Nd5 Bxd5 21.
cxd5 Qc7 22. Bb5 h6 23. Bc6 Rxb1 24. Rxb1 Rb8 25. Rxb8+ Qxb8 26. Kh2 Qb3 27. Qe2 Qxa3 28.
Qg4 g6 29. Qc8+ Kg7 30. Qc7 Qc1 31. Qxd6 Qf4+ 32. Kg1 Nxe4 33. Qa3 Qxf2+ 34. Kh2 Qd4 35. Qxa4 Qxa4 36. Bxa4 f5 37. Bc2 Nd6 38. Kg3 Kf6 39. Kf3 e4+ 40. Ke3 Ke5 41. Bb3 g5 42. g3 f4+ 43.
gxf4+ gxf4+ 44. Kf2 Nf5 45. Ba2 Ne3 46. Ke2 Nxd5 47.
h4 Nc3+ 0-1

[Event "Early-Titled-Tuesday-Blitz-March-26-2024"]
[Site "Chess.com"]
[Date "2024.03.26"]
[Round "1"]
[White "Slovineanu"]
[Black "ViIIagra"]
[Result "1-0"]
[WhiteElo "2518"]
[BlackElo "2890"]
[TimeControl "180+1"]
[EndTime "8:07:27 PDT"]
[Termination "Slovineanu won by resignation"]

1. d4 d6 2. e4 Nf6 3. Nc3 g6 4. Nf3 Bg7 5. Be3 c6 6. Qd2 Ng4 7. Bg5 h6 8. Bh4 a6 9. Bd3 Qb6 10. h3 Nf6 11. O-O-O g5 12. Bg3 Nh5 13. Bh2 Bxd4 14. Nxd4 Qxd4 15. Rhe1 Be6 16. g4 Ng7 17. e5 d5 18. f4 gxf4 19. Bxf4 Bd7 20. Bxh6 Ne6 21. g5 c5 22. g6 fxg6 23. Bxg6+ Kd8 24.
Nxd5 Qxd2+ 25. Bxd2 Nc6 26. Bf5 Ncd4 27. Bg4 Bc6 28.
Nb6 Nc7 29. c3 Ndb5 30. Bg5+ Ke8 31. e6 Rd8 32. Rd7 Rh7 33. Rxd8+ Kxd8 34. Rf1 Ke8 35. h4 Nd5 36. Bf5 Rh8 37. Bg6+ Kd8 38. Nxd5 Bxd5 39. Rd1 Nc7 40. c4 1-0

[Event "Early-Titled-Tuesday-Blitz-March-26-2024"]
[Site "Chess.com"]
[Date "2024.03.26"]
[Round "1"]
[White "rionelG"]
[Black "lucasran"]
[Result "0-1"]
[WhiteElo "2212"]
[BlackElo "2605"]
[TimeControl "180+1"]
[EndTime "8:07:27 PDT"]
[Termination "lucasran won by resignation"]

1. e4 c6 2. d4 d5 3. Nc3 dxe4 4. Nxe4 Bf5 5. Ng3 Bg6 6. f4 e6 7. Nf3 Nd7 8. Bd3 Bxd3 9. Qxd3 g6 10. O-O Ngf6 11.
Re1 Be7 12. c3 O-O 13. Ne5 c5 14. Be3 Nd5 15. Rad1 Nxe3 16. Qxe3 Nf6 17. Qf3 Qc7 18. Ng4 cxd4 19. cxd4 Rfd8 20. Nxf6+ Bxf6 21. Ne2 Qb6 22. Qc3 Rac8 23. Qb3 Qxb3 24. axb3 Rc2 25. Rb1 Rd2 26. Kf2 Bxd4+ 27. Kf3 Bf6 28. Ng3 Rxb2 29. Rxb2 Bxb2 30. Ne4 Rd3+ 31. Ke2 Rxb3 32. Rb1 Rb4 33. Nd2 Bc3 34.
Rc1 Bxd2 35. Rc8+ Kg7 36. Kxd2 Rb2+ 37. Ke3 Rxg2 38. Rc7 Rxh2 39. Rxb7 a5 40. Ra7 Ra2 41. Kf3 a4 42. Kg3 a3 43. Kf3 Ra1 44. Kg2 a2 45. Ra5 h6 46. Kh2 Kf6 47. Kg2 g5 48. fxg5+ hxg5 49.
Kf2 Rh1 0-1

[Event "Early-Titled-Tuesday-Blitz-March-26-2024"]
[Site "Chess.com"]
[Date "2024.03.26"]
[Round "1"]
[White "kyuotbi"]
[Black "karinachess1"]
[Result "1-0"]
[WhiteElo "2302"]
[BlackElo "2615"]
[TimeControl "180+1"]
[EndTime "8:07:28 PDT"]
[Termination "kyuotbi won by checkmate"]

1. e4 e5 2. Nf3 Nc6 3. Bb5 Nge7 4. O-O Ng6 5. d4 exd4 6. Nxd4 Nxd4 7. Qxd4 c6 8. Bc4 b5 9. Bb3 Qb6 10. Qd1 Bc5 11.
a4 O-O 12. Nc3 b4 13. a5 Qc7 14. Na4 Bd6 15. g3 Ba6 16. Re1 Rae8 17. c3 c5 18. cxb4 c4 19. Bc2 Bxb4 20. Bd2 Qxa5 21. Nc3 Bxc3 22. Rxa5 Bxa5 23. Bxa5 Rb8 24. Bc3 Bb5 25.
f4 Ne7 26. Qd6 Rfe8 27. e5 Bc6 28. Be4 Rbd8 29. Qc5 Rc8 30. Qxa7 Ra8 31. Qd4 Ra4 32. Bxc6 dxc6 33. e6 f6 34. Qd7 Raa8 35. Bb4 Nd5 36. Bc5 Rad8 37. Qxc6 Ne7 38. Bxe7 Rxe7 39. Qc5 Rde8 40.
Qxc4 h6 41. b4 Kh7 42. f5 Rb8 43. Rd1 Reb7 44. Rd7 Rxb4 45. Qc7 Rb1+ 46. Kg2 R1b2+ 47. Kh3 Rg8 48. e7 Re2 49. Rd8 h5 50. Rxg8 Kxg8 51. Qd8+ Kf7 52. Qf8# 1-0

[Event "Early-Titled-Tuesday-Blitz-March-26-2024"]
[Site "Chess.com"]
[Date "2024.03.26"]
[Round "1"]
[White "NovoselovRoman"]
[Black "Firouzja2003"]
[Result "1/2-1/2"]
[WhiteElo "2552"]
[BlackElo "3073"]
[TimeControl "180+1"]
[EndTime "8:07:29 PDT"]
[Termination "Game drawn by repetition"]

1. e4 c5 2. Nc3 d6 3. g3 g6 4.
Bg2 Bg7 5. d3 Nc6 6. f4 Rb8 7.
a4 Nh6 8. Nf3 O-O 9. O-O f5 10.
h3 e6 11. Be3 b6 12. Bf2 Bb7 13. Re1 Qd7 14. d4 cxd4 15. Nxd4 Nxd4 16. Bxd4 e5 17. Be3 fxe4 18. fxe5 Nf5 19. Bf4 g5 20. Bxg5 Nxg3 21. Qxd6 Qf5 22. Bf6 e3 23. Rxe3 Qg6 24. Qe6+ Rf7 25.
Qg4 Nf5 26. Re2 Bxf6 27. exf6 Rxf6 28. Rf1 Ba6 29. Nb5 Rbf8 30. Ref2 Kg7 31. Be4 Qxg4+ 32. hxg4 Ne3 33. Rxf6 Rxf6 34. Rxf6 Kxf6 35. Bxh7 Bxb5 36. axb5 Nxg4 37. Bd3 Ke5 38. Kf1 Kd4 39. Ke2 Ne5 40. c3+ Kc5 41. b4+ Kd5 42. Ke3 Nc4+ 43. Ke2 Ne5 44.
Ke3 Nc4+ 45. Ke2 Ne5 1/2-1/2

[Event "Early-Titled-Tuesday-Blitz-March-26-2024"]
[Site "Chess.com"]
[Date "2024.03.26"]
[Round "1"]
[White "KevinGeorgeMicheal"]
[Black "samolo"]
[Result "1-0"]
[WhiteElo "2396"]
[BlackElo "2673"]
[TimeControl "180+1"]
[EndTime "8:07:29 PDT"]
[Termination "KevinGeorgeMicheal won by checkmate"]

1. Nf3 Nf6 2. g3 g6 3. Bg2 Bg7 4. O-O O-O 5. d3 d6 6. e4 c5 7.
Nc3 Nc6 8. h3 Rb8 9. a4 a6 10.
Be3 b5 11. axb5 axb5 12. Qd2 b4 13. Ne2 e5 14. Bh6 Qb6 15. Kh2 Ba6 16. b3 Bb5 17.
Nh4 Nd7 18. Bxg7 Kxg7 19. f4 f6 20. Nf3 Ra8 21. f5 Nd4 22. g4 Nxe2 23. Qxe2 Rxa1 24.
Rxa1 Qb7 25. g5 Bc6 26. Rf1 gxf5 27. exf5 Kh8 28. g6 Rg8 29. gxh7 Rg7 30. Nh4 Bxg2 31. Nxg2 Rxh7 32. Ne3 d5 33. Rg1 Qc7 34. Qg4 Qd8 35. Nxd5 e4 36. dxe4 Ne5 37. Qg3 Qf8 38. Nxf6 Rh6 39.
Qg8+ Qxg8 40. Rxg8# 1-0

[Event "Early-Titled-Tuesday-Blitz-March-26-2024"]
[Site "Chess.com"]
[Date "2024.03.26"]
[Round "1"]
[White "jaskol95"]
[Black "Hovik_Hayrapetyan"]
[Result "1/2-1/2"]
[WhiteElo "2465"]
[BlackElo "2803"]
[TimeControl "180+1"]
[EndTime "8:07:31 PDT"]
[Termination "Game drawn by repetition"]

1. e4 c5 2. Nf3 d6 3. Bb5+ Nd7 4. a4 a6 5. Bc4 Ngf6 6. Nc3 e6 7. a5 Be7 8. d3 O-O 9. O-O Nb8 10. Re1 Nc6 11.
Bf4 Nxa5 12. Ba2 Nc6 13. e5 dxe5 14. Nxe5 Nxe5 15. Bxe5 Bd7 16. Qf3 Bc6 17. Qg3 Qd7 18.
Ne4 Kh8 19. Nxf6 gxf6 20. Bc3 Rg8 21. Qh4 Rxg2+ 22. Kf1 Rg6 23. Re3 Bd5 24. Rh3 Bg2+ 25. Ke2 Bxh3 26. Qxh3 Bd6 27. Bd5 Kg8 28. Be4 f5 29. Bf3 Re8 30. Bh5 e5 31. Bxg6 fxg6 32. Rg1 b5 33. b3 e4 34. Rxg6+ hxg6 35. Qh8+ Kf7 36. Qf6+ Kg8 37. Qh8+ Kf7 38. Qf6+ Kg8 39. Qxg6+ Kf8 40. Qh6+ Kg8 41. Qg6+ Kf8 42. Qh6+ Kf7 43. Qf6+ Kg8 44. Qh8+ Kf7 45. Qf6+ Kg8 46. Qg6+ 1/2-1/2

[Event "Early-Titled-Tuesday-Blitz-March-26-2024"]
[Site "Chess.com"]
[Date "2024.03.26"]
[Round "1"]
[White "Zurability"]
[Black "Josgar05"]
[Result "1-0"]
[WhiteElo "2710"]
[BlackElo "2382"]
[TimeControl "180+1"]
[EndTime "8:07:32 PDT"]
[Termination "Zurability won by resignation"]

1. e4 Nf6 2. e5 Nd5 3. d4 d6 4.
Nf3 g6 5. h3 Bg7 6. exd6 exd6 7.
Be2 O-O 8. O-O Nc6 9. c4 Nb6 10. d5 Ne5 11. Nxe5 Bxe5 12. Nd2 Bf5 13. Nf3 Bg7 14.
Nd4 Qd7 15. Be3 Rae8 16. Rc1 Be4 17. b3 Qd8 18. Qd2 Nd7 19. Rfe1 Qf6 20. Nb5 Qd8 21. Bxa7 b6 22. a4 Nc5 23. Rc3 Bxc3 24. Qxc3 Qg5 25. Bf1 Re7 26. a5 bxa5 27. Bxc5 dxc5 28. Qxa5 Bxg2 29.
Bxg2 Rfe8 30. Rxe7 Rxe7 31. Qc3 Re2 32. Qf3 Qc1+ 33.
Kh2 Qd2 34. Kg3 Qg5+ 35. Kh2 Qe5+ 36. Qg3 Qb2 37. Nxc7 Rxf2 38. d6 Rd2 39. Nd5 Qa3 40.
d7 Qa5 41. Qg5 Rxd5 42. Bxd5 Qc7+ 43. Kg2 1-0

[Event "Early-Titled-Tuesday-Blitz-March-26-2024"]
[Site "Chess.com"]
[Date "2024.03.26"]
[Round "1"]
[White "mortngabriel"]
[Black "the_chess_child"]
[Result "0-1"]
[WhiteElo "2484"]
[BlackElo "2880"]
[TimeControl "180+1"]
[EndTime "8:07:33 PDT"]
[Termination "the_chess_child won on time"]

1. e4 c5 2. Nf3 e6 3. d4 cxd4 4. Nxd4 Nf6 5. Bd3 Nc6 6. Nxc6 bxc6 7. O-O d5 8. Nd2 Bd6 9. Qe2 e5 10. c4 d4 11. f4 O-O 12. f5 a5 13. g4 h6 14. Qg2 Nd7 15. Nf3 Nc5 16. Rd1 f6 17. h4 Ba6 18. b3 a4 19. Rb1 Rb8 20.
g5 Nxd3 21. Rxd3 Bxc4 22. gxh6 Rf7 23. Rd1 axb3 24. axb3 Rxb3 25. Rxb3 Bxb3 26. Re1 Kh8 27. Kh2 gxh6 28. Rg1 Rh7 29. h5 Bf7 30. Nh4 Bxh5 31. Ng6+ Bxg6 32. fxg6 Ra7 33. Bxh6 Qa5 34. g7+ Kg8 35. Qg6 Qa2+ 36. Rg2 Qf7 37. Qg4 f5 38.
exf5 e4+ 39. Kh3 Ra3+ 40. Kh4 Ra1 0-1

[Event "Early-Titled-Tuesday-Blitz-March-26-2024"]
[Site "Chess.com"]
[Date "2024.03.26"]
[Round "1"]
[White "Zapateado"]
[Black "Sammed_Shete"]
[Result "0-1"]
[WhiteElo "2401"]
[BlackElo "2734"]
[TimeControl "180+1"]
[EndTime "8:07:34 PDT"]
[Termination "Sammed_Shete won on time"]

1. c4 Nf6 2. Nc3 g6 3. g3 Bg7 4. Bg2 O-O 5. e4 c5 6. Nge2 d6 7. O-O Nc6 8. d3 Bd7 9. h3 a6 10. Kh2 Rb8 11. a4 b6 12. Be3 Ne8 13. d4 cxd4 14.
Nxd4 Ne5 15. b3 Nc7 16. f4 Nc6 17. Qd2 Nxd4 18. Bxd4 Bxd4 19. Qxd4 Ne6 20. Qe3 Nc5 21. b4 Ne6 22. f5 Ng7 23. g4 Ne8 24. Qh6 e6 25. g5 exf5 26. exf5 Bxf5 27. Rxf5 gxf5 28.
Nd5 f6 29. Re1 Rf7 30. Rxe8+ Qxe8 31. Nxf6+ Rxf6 32. gxf6 Qg6 33. Bd5+ Kh8 34. Qf4 Qxf6 35. Qe3 Qe5+ 36. Qxe5+ dxe5 37. Kg3 Kg7 38. Kf3 Kf6 39. Ke3 Rd8 40. Bb7 a5 41. c5 axb4 42. cxb6 b3 0-1

[Event "Early-Titled-Tuesday-Blitz-March-26-2024"]
[Site "Chess.com"]
[Date "2024.03.26"]
[Round "1"]
[White "ActorXu"]
[Black "KhazhatulyAlikhan"]
[Result "1-0"]
[WhiteElo "2850"]
[BlackElo "2471"]
[TimeControl "180+1"]
[EndTime "8:07:35 PDT"]
[Termination "ActorXu won on time"]

1. e4 c5 2. Nf3 e6 3. d4 cxd4 4.
Nxd4 a6 5. c4 Nf6 6. Nc3 Bb4 7.
Qd3 Qc7 8. f3 Nc6 9. Nc2 Bc5 10.
Be3 Ne5 11. Qd2 d6 12. Be2 Bd7 13. O-O O-O 14. Rac1 Rfd8 15. Kh1 Rac8 16. b4 Bxe3 17. Nxe3 Ng6 18. Rfd1 Be8 19. Bf1 Qb8 20. Qf2 b6 21. a4 Bc6 22. b5 Bb7 23. Nc2 a5 24. Qxb6 Nf4 25. Qxa5 h5 26. Qb6 h4 27. Qe3 N6h5 28. a5 Qc7 29. a6 Ba8 30. b6 Qe7 31. b7 Bxb7 32. axb7 Qxb7 33. Ne2 e5 34. Nxf4 exf4 35.
Qf2 Ng3+ 36. Kg1 Qe7 37. Nd4 Qg5 38. Ne2 Nh5 39. Rd5 Qe7 40. Rxh5 d5 41. Rxd5 g5 42.
Rcd1 Rd6 43. Rxd6 Rc5 44. Qxc5 Qf6 45. Rxf6 Kh7 46. Qxg5 1-0

[Event "Early-Titled-Tuesday-Blitz-March-26-2024"]
[Site "Chess.com"]
[Date "2024.03.26"]
[Round "1"]
[White "Mikhail_Golubev"]
[Black "JJDAREK"]
[Result "1-0"]
[WhiteElo "2728"]
[BlackElo "2392"]
[TimeControl "180+1"]
[EndTime "8:07:35 PDT"]
[Termination "Mikhail_Golubev won on time"]

1. e4 d6 2. d4 g6 3. Bg5 Bg7 4. c3 Nf6 5. Nd2 O-O 6. Ngf3 Nbd7 7. Be2 h6 8. Bh4 e5 9. dxe5 Nxe5 10. Nxe5 dxe5 11. O-O Qe7 12. Qc2 b6 13. b4 Bb7 14.
Rfd1 Kh7 15. f3 Rfd8 16. Nc4 g5 17. Bf2 Nh5 18. Ne3 Nf4 19. Bc4 Bf8 20. Nf5 Qf6 21.
Be3 Qg6 22. Rxd8 Rxd8 23. Rd1 Rxd1+ 24. Qxd1 g4 25. fxg4 Bxe4 26. Bxf4 exf4 27. Qd7 Bxf5 28. gxf5 Qf6 29. Bxf7 Bg7 30. Bg6+ Kh8 31. Qe8+ Bf8 32. h3 f3 33. g3 c5 34. Qd7 Bg7 35. Kf2 cxb4 36. Qe8+ Bf8 37. cxb4 h5 38. Kxf3 1-0

[Event "Early-Titled-Tuesday-Blitz-March-26-2024"]
[Site "Chess.com"]
[Date "2024.03.26"]
[Round "1"]
[White "Hamisandwich"]
[Black "David_ATM"]
[Result "1-0"]
[WhiteElo "2703"]
[BlackElo "2365"]
[TimeControl "180+1"]
[EndTime "8:07:35 PDT"]
[Termination "Hamisandwich won by resignation"]

1. Nc3 d5 2. d3 Nf6 3. Nf3 Bf5 4. g3 e6 5. Bg2 Be7 6. O-O h6 7. Nh4 Bh7 8. e4 c6 9. Qe2 O-O 10. f4 Nbd7 11. f5 d4 12. Nb1 exf5 13. Nxf5 Bxf5 14.
Rxf5 Kh7 15. Nd2 g6 16. Rf1 Ne5 17. Nf3 Nxf3+ 18. Qxf3 Nd7 19. Bf4 Qa5 20. a3 Qb5 21. b3 a5 22. a4 Qc5 23. Rf2 Ne5 24. Qe2 Bg5 25. Raf1 Bxf4 26. gxf4 Nd7 27. e5 Nb6 28. f5 g5 29. f6 Rh8 30. e6 Nd5 31. Qe4+ Kg8 32.
e7 Re8 33. Bh3 Nf4 34. Rxf4 gxf4 35. Rxf4 h5 36. Bd7 Qg5+ 37. Kf1 Rh6 38. Bxe8 Rg6 39.
Bxf7+ Kh7 40. Bxg6+ Qxg6 41. Qxg6+ Kxg6 42. e8=Q+ Kg5 43.
f7 Kxf4 44. Qe4+ Kg5 45. f8=Q c5 46. Qff5+ 1-0

[Event "Early-Titled-Tuesday-Blitz-March-26-2024"]
[Site "Chess.com"]
[Date "2024.03.26"]
[Round "1"]
[White "Defend1r"]
[Black "KorolDimitriy75"]
[Result "0-1"]
[WhiteElo "2670"]
[BlackElo "2374"]
[TimeControl "180+1"]
[EndTime "8:07:36 PDT"]
[Termination "KorolDimitriy75 won by checkmate"]

1. e4 c5 2. Nf3 d6 3. c3 Nf6 4. h3 g6 5. Bd3 Bg7 6. Bc2 e5 7.
d4 exd4 8. cxd4 cxd4 9. Nxd4 O-O 10. O-O Nc6 11. Nxc6 bxc6 12. Nc3 Be6 13. Bg5 Rb8 14. Rb1 Qa5 15. Bf4 Rfd8 16. Ba4 Rbc8 17. b4 Qa6 18. Re1 d5 19. e5 Ne4 20. Ne2 d4 21. Bb3 d3 22. Bxe6 fxe6 23. Qb3 dxe2 24. Qxe6+ Kh8 25. Rbc1 Re8 26. Qd7 Rcd8 27. Qc7 Qxa2 28. e6 Qxe6 29. Rxc6 Qf5 30. Rxe2 Nc3 31. Rxe8+ Rxe8 32. Rxc3 Bxc3 33. Qxc3+ Kg8 34. Bg3 Qd5 35. Kh2 a6 36. h4 Qb5 37.
Qb3+ Kg7 38. Qb2+ Kg8 39. Bd6 Qd5 40. Qf6 Qe6 41. Qd4 Qe4 42. Qc5 Qxh4+ 43. Kg1 Re1# 0-1

[Event "Early-Titled-Tuesday-Blitz-March-26-2024"]
[Site "Chess.com"]
[Date "2024.03.26"]
[Round "1"]
[White "guillembaches"]
[Black "Grischuk"]
[Result "0-1"]
[WhiteElo "2539"]
[BlackElo "3051"]
[TimeControl "180+1"]
[EndTime "8:07:37 PDT"]
[Termination "Grischuk won by resignation"]

1. d4 e6 2. Nf3 c5 3. c3 Nf6 4. Bg5 Qb6 5. Qc1 Ne4 6. Bf4 cxd4 7. cxd4 Nc6 8. e3 g5 9. Bg3 h5 10. Bd3 d5 11. Bxe4 dxe4 12. Nfd2 h4 13. Be5 Nxe5 14.
dxe5 h3 15. g3 Bd7 16. O-O Rc8 17. Nc3 Bg7 18. Ndxe4 Bxe5 19. Nxg5 f6 20. Nf3 Bxc3 21. bxc3 Qc6 22. Qd1 e5 23. e4 Qxc3 24. Rc1 Qxc1 25.
Qxc1 Rxc1 26. Rxc1 Ke7 27. Kf1 Rc8 28. Rxc8 Bxc8 29.
Ke1 Be6 30. a3 Kd6 31. Kd2 b5 32. Kc3 a5 33. Ne1 Bc4 34. f4 Kc5 35. Nd3+ Bxd3 36. Kxd3 exf4 37. gxf4 b4 38. axb4+ axb4 39. Kc2 Kd4 40.
e5 fxe5 41. fxe5 Kxe5 42. Kb3 Ke4 43. Kxb4 Kf3 44. Kc3 Kg2 45. Kd2 Kxh2 46. Ke2 Kg2 0-1

[Event "Early-Titled-Tuesday-Blitz-March-26-2024"]
[Site "Chess.com"]
[Date "2024.03.26"]
[Round "1"]
[White "Brahianzevich"]
[Black "sokidze"]
[Result "1-0"]
[WhiteElo "2455"]
[BlackElo "2780"]
[TimeControl "180+1"]
[EndTime "8:07:37 PDT"]
[Termination "Brahianzevich won by resignation"]

1. e4 c6 2. d4 d5 3. Nc3 dxe4 4.
Nxe4 Bf5 5. Ng3 Bg6 6. Nf3 e6 7. h4 h6 8. h5 Bh7 9. Bd3 Bxd3 10. Qxd3 Nf6 11. Bd2 Be7 12. O-O-O c5 13. Kb1 Nc6 14. Bc1 O-O 15. Ne4 cxd4 16. Nxf6+ Bxf6 17. g4 Qd5 18. Rhg1 Rac8 19. a3 Bg5 20. Nxg5 hxg5 21. f4 gxf4 22. g5 Ne5 23. Qh3 Nf3 24. g6 Nxg1 25. Rxg1 Qf5 26. Qh2 f3 27. h6 fxg6 28. hxg7 Kxg7 29. Qh6+ Kf6 30. Bg5+ Ke5 31. Qg7+ Kd6 32. Be7+ Kc6 33. Qxd4 Qd5 34. Qa4+ b5 35. Qa6+ Kd7 36. Bxf8 Rxf8 37.
Rxg6 f2 38. Rg7+ Rf7 39. Rxf7+ Ke8 40. Rxf2 Qd1+ 41. Ka2 Qd5+ 42. b3 Ke7 43. Qxa7+ Kd6 44. Qb8+ Kc5 45. Qc7+ Qc6 46. Qxc6+ 1-0

[Event "Early-Titled-Tuesday-Blitz-March-26-2024"]
[Site "Chess.com"]
[Date "2024.03.26"]
[Round "1"]
[White "Aisen1011"]
[Black "AlexeiShirov"]
[Result "0-1"]
[WhiteElo "2473"]
[BlackElo "2859"]
[TimeControl "180+1"]
[EndTime "8:07:39 PDT"]
[Termination "AlexeiShirov won by resignation"]

1. d4 d5 2. c4 c6 3. Nc3 Nf6 4.
Nf3 e6 5. g3 dxc4 6. a4 c5 7.
Bg2 Nc6 8. dxc5 Qxd1+ 9. Nxd1 Bxc5 10. O-O Ke7 11. Be3 Bb4 12. Rc1 Na5 13. Ne5 Nd5 14.
Nxc4 Nb3 15. Rb1 Nxe3 16. Ndxe3 Rd8 17. Rfd1 Bd7 18. Bxb7 Rab8 19. Bg2 Bxa4 20. Ne5 Rxd1+ 21. Nxd1 Rc8 22. Nd3 Ba5 23. h4 Bb5 24. Ne3 Nd4 25.
Bf1 Bd2 26. Ra1 a5 27. Kg2 Bxe3 28. fxe3 Nb3 29. Ra3 a4 30. e4 Rc2 31. Kf3 Bxd3 32.
exd3 Nd2+ 33. Ke2 Nc4+ 34. Kd1 Nxa3 35. bxa3 Rc3 36. e5 Rxa3 37. Kc2 Ra2+ 38. Kc3 a3 39. d4 Ra1 40. Bc4 Rc1+ 41. Kb3 Rxc4 42. Kxc4 a2 0-1

[Event "Early-Titled-Tuesday-Blitz-March-26-2024"]
[Site "Chess.com"]
[Date "2024.03.26"]
[Round "1"]
[White "gurelediz"]
[Black "DCacheiro"]
[Result "1-0"]
[WhiteElo "2951"]
[BlackElo "2519"]
[TimeControl "180+1"]
[EndTime "8:07:40 PDT"]
[Termination "gurelediz won by resignation"]

1. e4 c5 2. Nf3 d6 3. d4 cxd4 4. Nxd4 Nf6 5. Nc3 a6 6. Be3 e5 7.
Nf3 Be7 8. Bc4 Be6 9. Bxe6 fxe6 10.
O-O Nbd7 11. Qd3 Rc8 12. Rad1 b5 13. Ng5 Nf8 14. f4 b4 15. fxe5 bxc3 16. exd6 Qxd6 17. Qxd6 Bxd6 18. Rxd6 cxb2 19. Rb6 Rxc2 20. Rb8+ Ke7 21. e5 Ng6 22. exf6+ gxf6 23. Rb7+ Kd6 24. Ne4+ Kc6 25.
Rb6+ Kc7 26. Rxe6 Rb8 27. Rb1 Ne5 28. Nxf6 Nd3 29. Nd5+ Kd7 30. Rxa6 Rc1+ 31. Bxc1 bxc1=Q+ 32. Rxc1 Nxc1 33. h3 Rb2 34. a4 Nd3 35. Rh6 Ra2 36.
Rxh7+ Ke6 37. Nc3 Rc2 38. Nb5 Ra2 39. Rh6+ Ke7 40. Nc3 Rc2 41. Nd5+ Kf7 42. Rf6+ Kg7 43. Rf3 Ne1 44. Rf2 Rc5 45. Rd2 Nc2 46. Nf4 Ne3 47.
Ne6+ 1-0

[Event "Early-Titled-Tuesday-Blitz-March-26-2024"]
[Site "Chess.com"]
[Date "2024.03.26"]
[Round "1"]
[White "kidagent"]
[Black "SmirnovAlexandrA"]
[Result "0-1"]
[WhiteElo "2308"]
[BlackElo "2643"]
[TimeControl "180+1"]
[EndTime "8:07:40 PDT"]
[Termination "SmirnovAlexandrA won by checkmate"]

1. e4 c5 2. Nf3 d6 3. d4 cxd4 4. Nxd4 Nf6 5. Nc3 a6 6. Bg5 e6 7. f4 Be7 8. Qf3 Qc7 9. O-O-O Nbd7 10. Bd3 h6 11. Bh4 g5 12. fxg5 Ne5 13. Qe2 Nfd7 14. Qh5 Ng6 15. Nxe6 Qa5 16. Ng7+ Kf8 17. gxh6 Qxh5 18.
Bxe7+ Nxe7 19. Nxh5 Rxh6 20. Nf4 Ne5 21. Be2 b5 22. h3 Bb7 23. Ncd5 Nxd5 24. Nxd5 Rc8 25.
Rhf1 Bxd5 26. Rxd5 Ke7 27. b3 Rh4 28. Bf3 Rc3 29.
Kd2 b4 30. a3 Nxf3+ 31. gxf3 Rxh3 32. axb4 Rcxf3 33. Rxf3 Rxf3 34. Ra5 Ke6 35. Rxa6 Rf2+ 36.
Kd3 Rf3+ 37. Ke2 Rh3 38. Ra5 Rc3 39. Kd2 Rf3 40. Rd5 Rf4 41. Ke3 Rh4 42. b5 Rh2 43. Rd2 Rh3+ 44. Kd4 Rh4 45. Rf2 d5 46. Re2 f5 47. b6 dxe4 48. b7 Rh8 49. Kc5 Ke5 50. Kb6 f4 51. c4 f3 52. Ra2 e3 53. c5 e2 54. Ra1 f2 55. c6 e1=Q 56. Rxe1+ fxe1=Q 57. c7 Qb4+ 58. Ka7 Qa5# 0-1

[Event "Early-Titled-Tuesday-Blitz-March-26-2024"]
[Site "Chess.com"]
[Date "2024.03.26"]
[Round "1"]
[White "ogpin"]
[Black "WilsonPalencia21"]
[Result "1-0"]
[WhiteElo "2256"]
[BlackElo "2601"]
[TimeControl "180+1"]
[EndTime "8:07:40 PDT"]
[Termination "ogpin won on time"]

1. e4 c5 2. Nf3 d6 3. Bb5+ Nd7 4. a4 Nf6 5. Nc3 g6 6. a5 a6 7. Bc4 Bg7 8. Bxf7+ Kxf7 9. Ng5+ Kg8 10. Ne6 Qe8 11.
Nc7 Qd8 12. Nxa8 h5 13. d3 h4 14. h3 Nh5 15. Nb6 Nxb6 16. axb6 Qxb6 17. Nd5 Qd8 18. Bg5 Nf6 19. Bxf6 exf6 20. Qf3 Be6 21. O-O Rh5 22. Nf4 Re5 23. Nxe6 Rxe6 24. e5 d5 25. exf6 Rxf6 26.
Qg4 Rb6 27. Rae1 Qf6 28. Re8+ Kh7 29. b3 Rb4 30. Qe6 Qg5 31. Re1 Rf4 32. Qg8+ Kh6 33. R1e7 Qf6 34. Re2 Rf5 35. R8e6 Qa1+ 36. Kh2 Qd4 37.
Qe8 Rg5 38. Qe7 Qf4+ 39. Kg1 Qf5 40. R6e3 d4 41. Rf3 Qd5 42. Qe4 Qd7 43. Qxh4+ Rh5 44.
Qf4+ Kh7 45. Qf7 Qc6 46. Re7 1-0

[Event "Early-Titled-Tuesday-Blitz-March-26-2024"]
[Site "Chess.com"]
[Date "2024.03.26"]
[Round "1"]
[White "sorch29"]
[Black "Mikhail_Bryakin"]
[Result "0-1"]
[WhiteElo "2473"]
[BlackElo "2853"]
[TimeControl "180+1"]
[EndTime "8:07:41 PDT"]
[Termination "Mikhail_Bryakin won by checkmate"]

1. d4 Nf6 2. c4 c5 3. Nf3 cxd4 4. Nxd4 Nc6 5. Nc3 d5 6. e3 Nxd4 7. exd4 e6 8. cxd5 Nxd5 9. Qb3 Nxc3 10. bxc3 Be7 11.
Be2 O-O 12. O-O Qc7 13. Bf3 Rb8 14. Rd1 b6 15. c4 Bb7 16. Bxb7 Qxb7 17. d5 Bf6 18.
Rb1 Rbc8 19. Ba3 Rfe8 20. Re1 Qd7 21. Rbd1 exd5 22. cxd5 Rxe1+ 23. Rxe1 h6 24. Rd1 Rc3 25. Qb4 Rc5 26. Qb3 Rc3 27. Qb4 Rc8 28. g3 h5 29. h4 Qf5 30. d6 Rc2 31. Qe1 Qd7 32.
Bc1 Rc6 33. Bf4 Rc8 34. Qe2 g6 35. Bg5 Bxg5 36. hxg5 Re8 37. Qd3 Rd8 38. Qd4 b5 39. Qf6 h4 40. Qf4 hxg3 41. Qxg3 Qf5 42. Kg2 Qe4+ 43. Qf3 Qe6 44. Qf4 a6 45. Rd2 a5 46.
Qf6 Qg4+ 47. Kf1 Rc8 48. f3 Rc1+ 49. Ke2 Qc4+ 50. Kf2 Qf1+ 51. Ke3 Re1+ 52. Kf4 Qc4+ 53. Qd4 Qe6 54. d7 Qf5+ 55. Kg3 Qxg5+ 56. Kf2 Qg1# 0-1

[Event "Early-Titled-Tuesday-Blitz-March-26-2024"]
[Site "Chess.com"]
[Date "2024.03.26"]
[Round "1"]
[White "Hui_Li_Macau"]
[Black "Matibar"]
[Result "0-1"]
[WhiteElo "2393"]
[BlackElo "2728"]
[TimeControl "180+1"]
[EndTime "8:07:41 PDT"]
[Termination "Matibar won on time"]

1. e4 e5 2. Nf3 d6 3. d4 exd4 4. Nxd4 Nf6 5. Nc3 Be7 6. Bf4 O-O 7. Qd2 Nc6 8. O-O-O Nxd4 9. Qxd4 Be6 10. Bc4 Nd7 11.
Nd5 Bxd5 12. Qxd5 Nb6 13. Qd3 Bg5 14. Bd2 Qf6 15. Bb3 a5 16. a3 a4 17. Ba2 Ra5 18. Kb1 Bxd2 19. Qxd2 Rb5 20. Qd4 Qxd4 21. Rxd4 g6 22.
Kc1 Kg7 23. Re1 Re8 24. Red1 f5 25. exf5 Rxf5 26. f3 Re2 27. R4d2 Re7 28. c3 Nd7 29. Bb1 Rfe5 30. Bc2 Nc5 31. Rd5 Re2 32. R1d2 R2e3 33. R5d4 b6 34. Kb1 Re1+ 35. Rd1 Rxd1+ 36. Rxd1 Re2 37. Rg1 g5 38. Kc1 h5 39. Kd1 Rf2 40.
Kc1 h4 41. g3 h3 42. Be4 Nb3+ 43. Kb1 Rxh2 0-1